TOP OF THE 1ST |
Milwaukee Brewers batting - Pitching for St. Louis Cardinals : RHP Brian Sanderson
|
Pitching: RHP Brian Sanderson
|
|
Batting: RHB Akitada Nishizawa
|
0-0: Ground out 6-3 (Groundball, 6, EV 102.5 MPH)
|
Batting: RHB Emilio Gallegos
|
0-0: Ball 1-0: Called Strike 1-1: Foul Ball, location: 2F 1-2: Ball 2-2: Ball 3-2: Base on Balls
|
Batting: RHB Bobby Muniz
|
0-0: Called Strike Emilio Gallegos steals 2nd, throwing error, E2 Emilio Gallegos to third 0-1: Called Strike 0-2: Strikes out swinging
|
Batting: LHB Jeff Taylor
|
0-0: Called Strike 0-1: Ball 1-1: Fly out, F8 (Line Drive, 8RD, EV 108.1 MPH)
|
Top of the 1st over - 0 runs, 0 hits, 1 error, 1 left on base; Milwaukee 0 - St. Louis 0 |
BOTTOM OF THE 1ST |
St. Louis Cardinals batting - Pitching for Milwaukee Brewers : RHP Oleg Bahanov
|
Pitching: RHP Oleg Bahanov
|
|
Batting: RHB Nick Gentzel
|
0-0: Ball 1-0: Foul Ball, location: 2F 1-1: Ball 2-1: Swinging Strike 2-2: Foul Ball, location: 2F 2-2: Strikes out swinging
|
Batting: RHB Rick O'Reilly
|
0-0: Foul Ball, location: 2F 0-1: Called Strike 0-2: Ground out 5-3 (Groundball, 56, EV 89.4 MPH)
|
Batting: SHB Antoine Roux
|
0-0: Ball 1-0: Called Strike 1-1: Foul Ball, location: 2F 1-2: Foul Ball, location: 2F 1-2: Foul Ball, location: 2F 1-2: Foul Ball, location: 2F 1-2: Strikes out swinging
|
Bottom of the 1st over - 0 runs, 0 hits, 0 errors, 0 left on base; Milwaukee 0 - St. Louis 0 |
TOP OF THE 2ND |
Milwaukee Brewers batting - Pitching for St. Louis Cardinals : RHP Brian Sanderson
|
Batting: RHB Adrian Rudkilde
|
0-0: Ball 1-0: Ball 2-0: Ball 3-0: Called Strike 3-1: Foul Ball, location: 2F 3-2: Foul Ball, location: 2F 3-2: Ground out 6-3 (Groundball, 6S, EV 78.1 MPH)
|
Batting: RHB Adriaan Pieters
|
0-0: Ball 1-0: Swinging Strike 1-1: Foul Ball, location: 2F 1-2: Strikes out swinging
|
Batting: SHB Jean-François Bernard
|
0-0: Ball 1-0: Ground out 5-3 (Groundball, 56, EV 81.9 MPH)
|
Top of the 2nd over - 0 runs, 0 hits, 0 errors, 0 left on base; Milwaukee 0 - St. Louis 0 |
BOTTOM OF THE 2ND |
St. Louis Cardinals batting - Pitching for Milwaukee Brewers : RHP Oleg Bahanov
|
Batting: RHB Eric Chotkowski
|
0-0: Called Strike 0-1: Ball 1-1: Foul Ball, location: 2F 1-2: Ball 2-2: Fly out, F4 (Flyball, 4MD, EV 92.5 MPH)
|
Batting: LHB Ben Rubenacker
|
0-0: Ball 1-0: Ball 2-0: Called Strike 2-1: SINGLE (Groundball, 4MD, EV 107.5 MPH)
|
Batting: RHB Cole Bittner
|
0-0: Ball 1-0: Ball 2-0: SINGLE (Groundball, 56D, EV 95.0 MPH) Ben Rubenacker to second
|
Batting: RHB Pavpv Ivanushkin
|
0-0: Ball 1-0: Called Strike 1-1: Fly out, F3 (Popup, 3SF, EV 72.5 MPH)
|
Batting: RHB Branden Cavalcante
|
0-0: Called Strike 0-1: Ball 1-1: Called Strike 1-2: DOUBLE (Line Drive, 3D, EV 96.3 MPH) Ben Rubenacker scores Cole Bittner to third Runner from 3rd tries for Home, SAFE, throw by RF to home
|
Batting: RHB Dustin Clark
|
0-0: Ball 1-0: Ball 2-0: Called Strike 2-1: SINGLE (Groundball, 6D, EV 108.1 MPH) Branden Cavalcante to third Runner from 3rd tries for Home, SAFE, throw by CF to home Dustin Clark to second
|
Batting: RHB Nick Gentzel
|
0-0: Ball 1-0: Ball 2-0: Swinging Strike 2-1: Ball 3-1: SINGLE (Groundball, 56D, EV 106.9 MPH) Dustin Clark to third Runner from 3rd tries for Home, SAFE, throw by LF to home Nick Gentzel to second
|
Batting: RHB Rick O'Reilly
|
0-0: Foul Ball, location: 2F 0-1: Ball 1-1: Foul Ball, location: 2F 1-2: Strikes out swinging
|
Bottom of the 2nd over - 4 runs, 5 hits, 0 errors, 1 left on base; Milwaukee 0 - St. Louis 4 |
TOP OF THE 3RD |
Milwaukee Brewers batting - Pitching for St. Louis Cardinals : RHP Brian Sanderson
|
Batting: RHB Kisho Ito
|
0-0: Ball 1-0: Called Strike 1-1: Fly out, F7 (Flyball, 7D, EV 83.8 MPH)
|
Batting: RHB Yuichi Matsuoka
|
0-0: Fly out, F8 (Flyball, 89XD, EV 87.5 MPH)
|
Batting: RHB Akitada Nishizawa
|
0-0: Ball 1-0: Ball 2-0: Called Strike 2-1: Foul Ball, location: 2F 2-2: Foul Ball, location: 2F 2-2: Foul Ball, location: 2F 2-2: Ball 3-2: Foul Ball, location: 2F 3-2: Strikes out swinging
|
Top of the 3rd over - 0 runs, 0 hits, 0 errors, 0 left on base; Milwaukee 0 - St. Louis 4 |
BOTTOM OF THE 3RD |
St. Louis Cardinals batting - Pitching for Milwaukee Brewers : RHP Oleg Bahanov
|
Batting: SHB Antoine Roux
|
0-0: Foul Ball, location: 2F 0-1: Ground out 5-3 (Groundball, 5, EV 103.8 MPH)
|
Batting: RHB Eric Chotkowski
|
0-0: Ball 1-0: Ground out 4-3 (Groundball, 4, EV 93.8 MPH)
|
Batting: LHB Ben Rubenacker
|
0-0: Ball 1-0: SINGLE (Groundball, 56D, EV 105.6 MPH)
|
Batting: RHB Cole Bittner
|
0-0: Swinging Strike 0-1: Foul Ball, location: 2F 0-2: SINGLE (Groundball, 6MD, EV 103.8 MPH) Ben Rubenacker to second Runner from 2nd tries for 3rd, SAFE, throw by CF made to third
|
Batting: RHB Pavpv Ivanushkin
|
0-0: Called Strike 0-1: Ball 1-1: Called Strike 1-2: Foul Ball, location: 2F 1-2: 3-RUN HOME RUN (Flyball, 7D, EV 93.8 MPH), Distance : 377 ft
|
Pitching: RHP Malibok Fflunker
|
|
Batting: RHB Branden Cavalcante
|
0-0: Ball 1-0: Swinging Strike 1-1: Ball 2-1: Swinging Strike 2-2: Strikes out swinging, 2-3 out at first.
|
Bottom of the 3rd over - 3 runs, 3 hits, 0 errors, 0 left on base; Milwaukee 0 - St. Louis 7 |
TOP OF THE 4TH |
Milwaukee Brewers batting - Pitching for St. Louis Cardinals : RHP Brian Sanderson
|
Batting: RHB Emilio Gallegos
|
0-0: Foul Ball, location: 2F 0-1: Foul Ball, location: 2F 0-2: Ball 1-2: Foul Ball, location: 2F 1-2: Foul Ball, location: 2F 1-2: Ball 2-2: Ball 3-2: Strikes out looking
|
Batting: RHB Bobby Muniz
|
0-0: Ball 1-0: Swinging Strike 1-1: Ball 2-1: Foul Ball, location: 2F 2-2: Ball 3-2: Ground out 5-3 (Groundball, 5S, EV 71.9 MPH)
|
Batting: LHB Jeff Taylor
|
0-0: Called Strike 0-1: Foul Ball, location: 2F 0-2: Foul Ball, location: 2F 0-2: Strikes out swinging
|
Top of the 4th over - 0 runs, 0 hits, 0 errors, 0 left on base; Milwaukee 0 - St. Louis 7 |
BOTTOM OF THE 4TH |
St. Louis Cardinals batting - Pitching for Milwaukee Brewers : RHP Malibok Fflunker
|
Batting: RHB Dustin Clark
|
0-0: Ground out 1-3 (Groundball, 15, EV 71.3 MPH)
|
Batting: RHB Nick Gentzel
|
0-0: Swinging Strike 0-1: Ball 1-1: Swinging Strike 1-2: Ball 2-2: Foul Ball, location: 2F 2-2: Fly out, F8 (Flyball, 8RD, EV 105.6 MPH)
|
Batting: RHB Rick O'Reilly
|
0-0: Ball 1-0: Fly out, F8 (Flyball, 89M, EV 85.0 MPH)
|
Bottom of the 4th over - 0 runs, 0 hits, 0 errors, 0 left on base; Milwaukee 0 - St. Louis 7 |
TOP OF THE 5TH |
Milwaukee Brewers batting - Pitching for St. Louis Cardinals : RHP Brian Sanderson
|
Batting: RHB Adrian Rudkilde
|
0-0: Fly out, F3 (Popup, 23F, EV 78.1 MPH)
|
Batting: RHB Adriaan Pieters
|
0-0: Ball 1-0: Ball 2-0: SINGLE (Groundball, 6MD, EV 95.0 MPH)
|
Batting: SHB Jean-François Bernard
|
0-0: Fly out, F9 (Flyball, 89S, EV 98.1 MPH)
|
Batting: RHB Kisho Ito
|
0-0: Foul Ball, location: 2F 0-1: Ball 1-1: Ball 2-1: SINGLE (Groundball, 34D, EV 96.9 MPH) Adriaan Pieters to second
|
Batting: RHB Yuichi Matsuoka
|
0-0: Ball 1-0: Ball 2-0: Swinging Strike 2-1: Swinging Strike 2-2: Strikes out swinging, 2-3 out at first.
|
Top of the 5th over - 0 runs, 2 hits, 0 errors, 2 left on base; Milwaukee 0 - St. Louis 7 |
BOTTOM OF THE 5TH |
St. Louis Cardinals batting - Pitching for Milwaukee Brewers : RHP Malibok Fflunker
|
Batting: SHB Antoine Roux
|
0-0: Ball 1-0: Called Strike 1-1: Foul Ball, location: 2F 1-2: Strikes out looking
|
Batting: RHB Eric Chotkowski
|
0-0: Called Strike 0-1: Ground out 4-3 (Groundball, 4, EV 102.5 MPH)
|
Batting: LHB Ben Rubenacker
|
0-0: Ground out 4-3 (Groundball, 4, EV 89.4 MPH)
|
Bottom of the 5th over - 0 runs, 0 hits, 0 errors, 0 left on base; Milwaukee 0 - St. Louis 7 |
TOP OF THE 6TH |
Milwaukee Brewers batting - Pitching for St. Louis Cardinals : RHP Brian Sanderson
|
Batting: RHB Akitada Nishizawa
|
0-0: Ball 1-0: Ball 2-0: Ball 3-0: Base on Balls
|
Batting: RHB Emilio Gallegos
|
0-0: Ball 1-0: Ball 2-0: Fielders Choice at 2nd, 6-4 (Groundball, 56, EV 104.4 MPH)
|
Batting: RHB Bobby Muniz
|
0-0: Ball 1-0: Called Strike 1-1: Ball 2-1: Foul Ball, location: 2F 2-2: Ball 3-2: SINGLE (Groundball, 6MD, EV 103.1 MPH) Emilio Gallegos to second
|
Batting: LHB Jeff Taylor
|
0-0: Ball Emilio Gallegos steals 3rd base 1-0: Called Strike 1-1: Swinging Strike 1-2: Ball 2-2: Ball 3-2: Base on Balls Bobby Muniz to second
|
Pitching: RHP Andy Montelongo
|
|
Batting: RHB Adrian Rudkilde
|
0-0: SINGLE (Line Drive, 78S, EV 95.0 MPH) Emilio Gallegos scores Bobby Muniz to third Jeff Taylor to second Runner from 3rd tries for Home, throw by LF and OUT! 7-2 Jeff Taylor to third Adrian Rudkilde to second
|
Batting: RHB Adriaan Pieters
|
0-0: Called Strike 0-1: Ball 1-1: Foul Ball, location: 2F 1-2: SINGLE (Groundball, 6MD, EV 106.9 MPH) Jeff Taylor scores Adrian Rudkilde to third Runner from 3rd tries for Home, throw by CF and OUT! 8-2
|
Top of the 6th over - 2 runs, 3 hits, 0 errors, 1 left on base; Milwaukee 2 - St. Louis 7 |
BOTTOM OF THE 6TH |
St. Louis Cardinals batting - Pitching for Milwaukee Brewers : RHP Malibok Fflunker
|
Batting: RHB Cole Bittner
|
0-0: Ball 1-0: Foul Ball, location: 2F 1-1: Ball 2-1: Ball 3-1: Foul Ball, location: 2F 3-2: Fly out, F5 (Flyball, 5D, EV 91.9 MPH)
|
Batting: RHB Pavpv Ivanushkin
|
0-0: Ball 1-0: Fly out, F8 (Line Drive, 8LM, EV 93.1 MPH)
|
Batting: RHB Branden Cavalcante
|
0-0: Ball 1-0: Called Strike 1-1: SINGLE (Groundball, 56D, EV 103.1 MPH) (infield hit)
|
Batting: RHB Dustin Clark
|
0-0: Ball 1-0: Foul Ball, location: 2F 1-1: Called Strike 1-2: Ball 2-2: Foul Ball, location: 2F 2-2: Strikes out looking
|
Bottom of the 6th over - 0 runs, 1 hit, 0 errors, 1 left on base; Milwaukee 2 - St. Louis 7 |
TOP OF THE 7TH |
Milwaukee Brewers batting - Pitching for St. Louis Cardinals : RHP Andy Montelongo
|
Batting: SHB Jean-François Bernard
|
0-0: Ball 1-0: Ground out U3 (Groundball, 34, EV 77.5 MPH)
|
Batting: RHB Kisho Ito
|
0-0: Called Strike 0-1: Ball 1-1: Foul Ball, location: 2F 1-2: Strikes out swinging
|
Batting: RHB Yuichi Matsuoka
|
0-0: Called Strike 0-1: Foul Ball, location: 2F 0-2: Ball 1-2: Ground out U3 (Groundball, 13, EV 77.5 MPH)
|
Top of the 7th over - 0 runs, 0 hits, 0 errors, 0 left on base; Milwaukee 2 - St. Louis 7 |
BOTTOM OF THE 7TH |
St. Louis Cardinals batting - Pitching for Milwaukee Brewers : RHP Malibok Fflunker
|
Batting: RHB Nick Gentzel
|
0-0: DOUBLE (Flyball, 8LXD, EV 91.9 MPH)
|
Pitching: RHP Luis Mejia
|
|
Batting: RHB Rick O'Reilly
|
0-0: Called Strike 0-1: Fly out, F1 (Line Drive, P, EV 69.4 MPH)
|
Batting: SHB Antoine Roux
|
0-0: Called Strike 0-1: Ball 1-1: Ball 2-1: Swinging Strike 2-2: Strikes out looking
|
Batting: RHB Eric Chotkowski
|
0-0: Ball 1-0: Foul Ball, location: 2F 1-1: Foul Ball, location: 2F 1-2: Ball 2-2: Ball 3-2: Fly out, F9 (Flyball, 89S, EV 80.6 MPH)
|
Bottom of the 7th over - 0 runs, 1 hit, 0 errors, 1 left on base; Milwaukee 2 - St. Louis 7 |
TOP OF THE 8TH |
Milwaukee Brewers batting - Pitching for St. Louis Cardinals : RHP Andy Montelongo
|
Batting: RHB Akitada Nishizawa
|
0-0: Called Strike 0-1: Ball 1-1: Ball 2-1: Swinging Strike 2-2: Foul Ball, location: 2F 2-2: Strikes out swinging
|
Batting: RHB Emilio Gallegos
|
0-0: Ball 1-0: Ball 2-0: Called Strike 2-1: Ball 3-1: Base on Balls
|
Batting: RHB Bobby Muniz
|
0-0: Grounds into double play, 4-6-3 (Groundball, 4, EV 82.5 MPH)
|
Top of the 8th over - 0 runs, 0 hits, 0 errors, 0 left on base; Milwaukee 2 - St. Louis 7 |
BOTTOM OF THE 8TH |
St. Louis Cardinals batting - Pitching for Milwaukee Brewers : RHP Luis Mejia
|
Batting: LHB Ben Rubenacker
|
0-0: Called Strike 0-1: Called Strike 0-2: DOUBLE (Line Drive, 89M, EV 96.9 MPH)
|
Batting: RHB Cole Bittner
|
0-0: Swinging Strike 0-1: Ball 1-1: Fly out, F6 (Line Drive, 6, EV 68.1 MPH)
|
Batting: RHB Pavpv Ivanushkin
|
0-0: Called Strike 0-1: SINGLE (Groundball, 25, EV 70.6 MPH) (infield hit) Ben Rubenacker to third
|
Batting: RHB Branden Cavalcante
|
0-0: Ball 1-0: Called Strike 1-1: Ball 2-1: Foul Ball, location: 2F 2-2: Strikes out swinging
|
Batting: RHB Dustin Clark
|
0-0: Called Strike 0-1: Foul Ball, location: 2F 0-2: Ball 1-2: Foul Ball, location: 2F 1-2: Ball 2-2: Ball Pavpv Ivanushkin is caught stealing 2nd base 2-4
|
Bottom of the 8th over - 0 runs, 2 hits, 0 errors, 1 left on base; Milwaukee 2 - St. Louis 7 |
TOP OF THE 9TH |
Milwaukee Brewers batting - Pitching for St. Louis Cardinals : RHP Andy Montelongo
|
Batting: LHB Jeff Taylor
|
0-0: Ball 1-0: Foul Ball, location: 2F 1-1: Called Strike 1-2: Strikes out swinging
|
Batting: RHB Adrian Rudkilde
|
0-0: Ball 1-0: Called Strike 1-1: Ball 2-1: Ball 3-1: Base on Balls
|
Pitching: RHP Josh Sandoval
|
|
Batting: RHB Adriaan Pieters
|
0-0: Fly out, F8 (Flyball, 8RXD, EV 104.4 MPH)
|
Batting: SHB Jean-François Bernard
|
0-0: Foul Ball, location: 2F 0-1: Ball 1-1: Ball 2-1: Ball 3-1: Swinging Strike 3-2: Base on Balls Adrian Rudkilde to second
|
Batting: RHB Kisho Ito
|
0-0: Called Strike 0-1: Ball 1-1: Ball 2-1: Ball 3-1: Fly out, F9 (Flyball, 9D, EV 89.4 MPH)
|
Top of the 9th over - 0 runs, 0 hits, 0 errors, 2 left on base; Milwaukee 2 - St. Louis 7 |
|